 Dungeon Crawl Stone Soup version 0.18.1-5-g4a78601 (webtiles) character file.

47 oplop the Insei (level 3, -2/23 HPs)
             Began as an Octopode Transmuter on May 13, 2016.
             Slain by a kobold
             ... wielding a +0 short sword
              (5 damage)
             ... on level 2 of the Dungeon.
             The game lasted 00:02:32 (1120 turns).

oplop the Insei (Octopode Transmuter)               Turns: 1120, Time: 00:02:33

Health: -2/23      AC:  1    Str:  9    XL:     3   Next: 70%
Magic:  6/7        EV: 12    Int: 16    God:
Gold:   39         SH:  0    Dex: 12    Spells: 2 memorised, 4 levels left

rFire  . . .     SeeInvis .       - Unarmed
rCold  . . .     Gourm    .     (no shield)
rNeg   . . .     Faith    .     (helmet restricted)
rPois  .         Spirit   .     (no amulet)
rElec  .         Dismiss  .     (no ring)
rCorr  .         Reflect  .     (no ring)
SustAt .         Harm     .     (no ring)
MR     .....                    (no ring)
Stlth  ++........               (no ring)
                                (no ring)
                                (no ring)
                                (no ring)

@: lethally poisoned (-2 -> -4), appendage, not resistant to hostile
enchantments, unstealthy
A: almost no armour, amphibious, 8 rings, constrict 8, tentacle spike 3,
camouflage 1, gelatinous body 1
a: End Transformation


You were on level 2 of the Dungeon.
You were not hungry.
One of your tentacles had a temporary spike.
You visited 1 branch of the dungeon, and saw 2 of its levels.

You collected 39 gold pieces.

Inventory:

Missiles
 a - 35 arrows
Jewellery
 d - an uncursed amulet of dismissal {unknown}
Scrolls
 e - a scroll of noise {unknown}
 f - 2 scrolls of enchant armour {unknown}
 h - a scroll of enchant weapon {unknown}
 i - a scroll of identify {unknown}
Potions
 g - a potion of flight {unknown}
 l - 2 potions of might {unknown}
Books
 b - a book of Changes

   Spells                             Type                      Level
   a - Beastly Appendage              Transmutation                1
   b - Sticks to Snakes               Transmutation                2
   c - Spider Form                    Transmutation/Poison         3
   d - Ice Form                       Ice/Transmutation            4
   e - Blade Hands                    Transmutation                5
Comestibles
 c - 2 bread rations
 j - a beef jerky
 k - 3 chunks of flesh


   Skills:
 - Level 1.0 Fighting
 - Level 2.0 Dodging
 + Level 3.4 Unarmed Combat
 + Level 2.9 Spellcasting
 + Level 2.6 Transmutations


You had 4 spell levels left.
You knew the following spells:

 Your Spells              Type           Power        Failure   Level  Hunger
a - Beastly Appendage     Trmt           ##....       10%         1    #......
b - Sticks to Snakes      Trmt           ##......     12%         2    ##.....


Dungeon Overview and Level Annotations

Branches:
Dungeon (2/15)

Altars:
Ru


Innate Abilities, Weirdness & Mutations

You cannot wear most types of armour.
You are amphibious.
You can wear up to eight rings at the same time.
You can use your tentacles to constrict eight enemies at once.
Your skin changes colour to match your surroundings (Stealth).
Your rubbery body absorbs attacks (AC +1).
One of your tentacles bears a large vicious spike.


Message History

You barely miss the bat. Your grab misses the bat.
The bat hits you but does no damage.
You barely miss the bat. You grab the bat. You constrict the bat.
The bat closely misses you.
The bat struggles to escape constriction.
The kobold barely misses you.
The bat struggles to escape constriction.
You tentacle-slap the bat but do no damage.
You tentacle-slap the bat.
The bat is severely wounded.
You constrict the bat.
You kill the bat!
You feel sick. The dart slug launches a dart at you. The slug dart hits you!
* * * LOW HITPOINT WARNING * * *
The dart slug launches a dart at you. The slug dart misses you.
The kobold hits you with a short sword.
You die...

##>!.........#
....w..........#
...............#
#.#%.......>.. ...
....w......## . ....
#........?.###
.#...####........#
..# ....
....(.....K.#^.#
..#######.#.....@..#
.#..≈≈≈..#..########
#..≈...≈..#.#
...≈._.≈...#.#
#(.≈...≈..#.##
†#..≈≈≈..#.##
..#######.##
.#.......##
...#######


You could see 2 dart slugs and a kobold.

Vanquished Creatures
  An adder (D:2)
  2 dart slugs (D:1)
  2 giant geckos
  5 bats
  3 giant cockroaches
  2 goblins (D:1)
  3 hobgoblins (D:1)
  3 jackals (D:2)
  A ball python (D:1)
  A giant newt (D:1)
  6 kobolds (D:1)
  2 rats (D:1)
31 creatures vanquished.

Notes
Turn   | Place    | Note
--------------------------------------------------------------
     0 | D:1      | oplop the Octopode Transmuter began the quest for the Orb.
     0 | D:1      | Reached XP level 1. HP: 13/13 MP: 3/3
   237 | D:1      | Reached XP level 2. HP: 6/18 MP: 3/5
   731 | D:1      | Reached XP level 3. HP: 23/23 MP: 7/7
  1065 | D:2      | Found a sacrificial altar of Ru.
  1070 | D:2      | Learned a level 2 spell: Sticks to Snakes
  1120 | D:2      | Slain by a kobold

Action                   || total
-------------------------++-------
Melee: Unarmed           ||    74
       Constrict         ||    19
       Tentacles         ||    13
       Kick              ||     3
       Punch             ||     3
 Cast: Beastly Appendage ||     3
 Stab: Sleeping          ||     8
  Eat: Chunk             ||     1
Armor: Skin              ||     8
Dodge: Dodged            ||    43
